 Dungeon Crawl Stone Soup version 0.20.1-1-g8b1a95d (webtiles) character file.

999 Gremour the Sneak (level 8, -8/63 HPs)
             Began as a Green Draconian Monk on Sept 14, 2017.
             Was a Believer of Dithmenos.
             Splashed by Ijyb's acid (12 damage)
             ... on level 5 of the Dungeon.
             The game lasted 00:27:34 (3341 turns).

Gremour the Sneak (Green Draconian Monk)            Turns: 3341, Time: 00:27:34

Health: -8/63      AC:  3    Str: 14    XL:     8   Next: 0%
Magic:  2/9        EV: 16    Int: 11    God:    Dithmenos [**....]
Gold:   227        SH:  0    Dex: 19    Spells: 8/9 levels left

rFire    . . .     SeeInvis .   a - +0 falchion
rCold    . . .     Gourm    +   (no shield)
rNeg     . . .     Faith    .   (armour unavailable)
rPois    +         Spirit   .   (helmet restricted)
rElec    .         Reflect  .   (no cloak)
rCorr    .         Harm     .   l - +0 pair of gloves
MR       .....                  (no boots)
Stlth    ++++......             s - amulet of the gourmand
Regen    0.2/turn               (no ring)
MPRegen  0.2/turn               c - +4 ring of dexterity

@: corroded, very slightly contaminated, hasted, wreathed by umbra, very quick
A: breathe noxious fumes, unfitting armour, poison resistance, cold-blooded, AC
+6
a: Breathe Noxious Fumes, Shadow Step, Renounce Religion


You were on level 5 of the Dungeon.
You worshipped Dithmenos.
Dithmenos was pleased with you.
You were not hungry.

You visited 2 branches of the dungeon, and saw 6 of its levels.

You collected 227 gold pieces.

Inventory:

Hand Weapons
 a - a +0 falchion (weapon)
 o - a +0 spear (quivered)
Armour
 l - a +0 pair of gloves (worn)
Jewellery
 c - a +4 ring of dexterity (right hand)
 f - the amulet of Wosmeffuqe {Faith MR+}
   (You found it on level 4 of the Dungeon)

   [amulet of faith]

   It allows you to gain divine favour quickly.
   It affects your resistance to hostile enchantments.
 s - an amulet of the gourmand (around neck)
Scrolls
 b - 2 scrolls of recharging {unknown}
 i - 5 scrolls of identify
 j - 3 scrolls of teleportation
 p - 4 scrolls of remove curse
 t - 2 scrolls of fog {unknown}
 w - a scroll of summoning {unknown}
Potions
 e - 3 potions of curing
 g - 2 potions of flight
 k - 2 potions of brilliance {unknown}
 m - a potion of agility
 q - a potion of ambrosia {unknown}
 u - a potion of lignification
 v - 2 potions of invisibility {unknown}
Books
 h - a book of Conjurations

   Spells                             Type                      Level
   a - Magic Dart                     Conjuration                  1
   b - Searing Ray                    Conjuration                  2
   c - Dazzling Spray                 Conjuration/Hexes            3
   d - Fulminant Prism                Conjuration/Hexes            4
   e - Force Lance                    Conjuration/Translocation    4
   f - Iskenderun's Mystic Blast      Conjuration                  4
Comestibles
 n - a meat ration
 r - a bread ration


   Skills:
 + Level 3.4 Fighting
 + Level 3.4 Long Blades
 + Level 5.5 Dodging
 + Level 6.2 Stealth
 * Level 3.3 Unarmed Combat
 * Level 1.0 Spellcasting
 + Level 0.8 Conjurations


You had 8 spell levels left.
You knew the following spells:

 Your Spells              Type           Power        Failure   Level  Hunger
z - Magic Dart            Conj           #...         24%         1    ##.....


Dungeon Overview and Level Annotations

Branches:
Dungeon (5/15)             Temple (1/1) D:4

Altars:
Ashenzari
Cheibriados
Dithmenos
Elyvilon
Fedhas
Gozag
Hepliaklqana
Kikubaaqudgha
Makhleb
Nemelex Xobeh
Okawaru
Qazlal
Ru
Sif Muna
Trog
Uskayaw
Vehumet
Xom
Yredelemnul
Zin
The Shining One

Annotations:
D:5 Ijyb


Innate Abilities, Weirdness & Mutations

You can breathe blasts of noxious fumes.
Your lurid green scales are hard. (AC +6)
You cannot fit into any form of body armour.
Your system is resistant to poisons. (rPois)
You are cold-blooded and may be slowed by cold attacks.


Message History

Your base attributes are Str 14, Int 11, Dex 15.
Unknown command.
Casting: Magic Dart
Confirm with . or Enter, or press ? or * to list all spells.
Aiming: Magic Dart
Press: ? - help, Shift-Dir - straight line, f/p - Ijyb
Aim: Ijyb, wielding a dagger, wearing a scale mail and carrying a wand of acid (?/15) {zapped: 3} (severely wounded, umbra)
The magic dart hits Ijyb.
Ijyb is severely wounded.
Ijyb zaps a wand.
The bolt of acid misses you.
Casting: Magic Dart
Confirm with . or Enter, or press ? or * to list all spells.
Aiming: Magic Dart
Press: ? - help, Shift-Dir - straight line, f/p - Ijyb
Aim: Ijyb, wielding a dagger, wearing a scale mail and carrying a wand of acid (?/15) {zapped: 4} (severely wounded, umbra)
You miscast Magic Dart.
Nothing appears to happen.
Ijyb zaps a wand.
The bolt of acid hits you!
* * * LOW HITPOINT WARNING * * *
You are splashed with acid!
The acid burns!
You die...

.(.# #..# #..# ..###
##...# ##..#.##
##......## ..
##>.......###>#
#......@g..#..#
#...........[#
#.....[.....##
##...?......##
#...>.......# ..
#..#.....)...# #. ..
#$##........## #.##.
#.#..........######.....
. # #..............
...#.# #


You could see Ijyb.

Vanquished Creatures
  Pikel (D:4)
  A centaur (D:5)
  The ghost of ThereIsNoGod the Sneak, an amateur OpAs of Okawaru (D:4)
  The ghost of ThereIsNoGod the Sneak, an amateur OpAs of Dithmenos (D:3)
  A scorpion (D:4)
  A howler monkey (D:4)
  A hound (D:4)
  Natasha (thrice) (D:4)
  A worker ant (D:4)
  An iguana (D:4)
  A hound skeleton (D:4)
  An adder zombie (D:5)
  An adder skeleton (D:4)
  2 worms
  A dart slug (D:3)
  A leopard gecko (D:5)
  7 orcs
  2 giant cockroaches
  8 goblins
  6 hobgoblins
  6 jackals (D:1)
  2 quokkas
  9 bats
  5 frilled lizards
  3 kobolds
  A quokka skeleton (D:4)
  5 rats
73 creatures vanquished.

Notes
Turn   | Place    | Note
-------+----------+-------------------------------------------
     0 | D:1      | Gremour the Draconian Monk began the quest for the Orb.
     0 | D:1      | Reached XP level 1. HP: 19/19 MP: 1/1
    93 | D:1      | Reached skill level 2 in Stealth
   250 | D:1      | Reached XP level 2. HP: 26/26 MP: 2/2
   719 | D:1      | Reached XP level 3. HP: 30/31 MP: 3/3
  1304 | D:3      | Reached skill level 3 in Stealth
  1346 | D:3      | Learned a level 1 spell: Magic Dart
  1436 | D:3      | Noticed ThereIsNoGod's ghost (amateur OpAs)
  1450 | D:3      | Killed ThereIsNoGod's ghost
  1450 | D:3      | Reached skill level 1 in Unarmed Combat
  1450 | D:3      | Reached XP level 4. HP: 31/38 MP: 0/4
  1575 | D:3      | Reached XP level 5. HP: 44/45 MP: 5/5
  2049 | D:4      | Reached skill level 4 in Stealth
  2056 | D:4      | Noticed ThereIsNoGod's ghost (amateur OpAs)
  2211 | D:4      | Killed ThereIsNoGod's ghost
  2211 | D:4      | Reached XP level 6. HP: 44/51 MP: 3/6
  2260 | D:4      | Got a shimmering ivory amulet
  2503 | D:4      | Found a staircase to the Ecumenical Temple.
  2509 | Temple   | Entered the Ecumenical Temple
  2564 | Temple   | Became a worshipper of Dithmenos the Shadowed
  2564 | Temple   | Reached * piety under Dithmenos
  2564 | Temple   | Reached ** piety under Dithmenos
  2759 | D:4      | Noticed a slave
  2762 | D:4      | Noticed a slave
  2763 | D:4      | Noticed Pikel
  2763 | D:4      | Noticed a slave
  2768 | D:4      | Noticed a slave
  2805 | D:4      | Killed Pikel
  2805 | D:4      | Reached skill level 5 in Dodging
  2805 | D:4      | Reached skill level 6 in Stealth
  2805 | D:4      | Your scales start taking on a lurid green colour.
  2805 | D:4      | Reached XP level 7. HP: 36/57 MP: 6/8
  2805 | D:4      | Gained mutation: Your system is resistant to poisons. (rPois) [Green Draconian growth]
  2888 | D:4      | Noticed Natasha
  2929 | D:4      | Killed Natasha
  3136 | D:4      | Noticed Natasha
  3156 | D:4      | Killed Natasha
  3199 | D:4      | Noticed Natasha
  3207 | D:4      | Killed Natasha
  3207 | D:4      | Reached skill level 1 in Spellcasting
  3215 | D:4      | Identified the amulet of Wosmeffuqe {Faith MR+} (You found it on level 4 of the Dungeon)
  3221 | D:5      | Entered Level 5 of the Dungeon
  3299 | D:5      | Reached XP level 8. HP: 55/63 MP: 9/9
  3312 | D:5      | Noticed Ijyb
  3341 | D:5      | Splashed by Ijyb's acid

Skill      XL: |  1  2  3  4  5  6  7 |
---------------+----------------------+-----
Stealth        | 2 3 4 6 |  6.2
Dodging        | 3 4 5 |  5.5
Unarmed Combat | 1 2 3 |  3.3
Spellcasting   | 1 |  1.0
Fighting       | |  3.4
Long Blades    | |  3.4
Conjurations   | |  0.8

Action                   |  1- 3 |  4- 6 |  7- 9 || total
-------------------------+-------+-------+-------++-------
Melee: Falchion          |   112 |   100 |    42 ||   254
       Tailslap          |    14 |    16 |     6 ||    36
       Punch             |       |       |     1 ||     1
 Cast: Magic Dart        |     3 |     6 |     9 ||    18
 Abil: Breathe Noxious F |       |       |     3 ||     3
  Use: Scroll            |     2 |     6 |     1 ||     9
       Potion            |       |     3 |     3 ||     6
 Stab: Sleeping          |     3 |     1 |     4 ||     8
       Distracted        |       |     1 |       ||     1
       Confused          |       |       |     1 ||     1
  Eat: Chunk             |     2 |     2 |     7 ||    11
       Bread ration      |       |     1 |       ||     1
Armor: Skin              |    31 |    38 |     7 ||    76
Dodge: Dodged            |    90 |    69 |    50 ||   209
       Rpst.: Falchion   |    35 |    28 |    18 ||    81
